Map: Lightshade LE

Players

goblin

  • Race: Protoss Protoss
  • League: Master

uwuThermal (uThermal) - Winner!

  • Race: Terran Terran
  • League: Master

Event: DreamHack SC2 Masters 2021 Summer

VOD

Have the link to the VOD?

Description

Time

  • Played on: May 23, 2021, 11:06 a.m.
  • Length: 5:39

All games in this series

Show
View Real Time Build Order
Export as new Build Order

goblin Protoss 

Build Orders: Oracle Opening 

Get SALT Encoding   

  12  0:00  Probe  
  13  0:12  Probe  
  14  0:18  Pylon  
  14  0:24  Probe (Chrono Boost)  
  15  0:37  Probe (Chrono Boost), Gateway  
  16  0:45  Probe (Chrono Boost)  
  16  0:46  Assimilator  
  17  0:51  Probe  
  18  1:03  Probe  
  19  1:15  Probe  
  20  1:23  Cybernetics Core  
  20  1:33  Zealot  
  20  1:34  Assimilator  
  20  1:35  Pylon  
  22  1:41  Probe  
  23  1:54  Probe  
  23  1:58  Stalker (Chrono Boost)  
  25  2:06  Probe  
  26  2:16  Stargate  
  26  2:18  Probe  
  27  2:30  Nexus  
  27  2:35  Pylon  
  27  2:38  Probe  
  28  2:45  Warp Gate  
  28  2:50  Stalker  
  30  2:56  Void Ray (Chrono Boost)  
  34  3:11  Probe  
  34  3:17  Shield Battery  
  34  3:27  Probe  
  34  3:32  Oracle  
  39  3:42  Probe (Chrono Boost)  
  39  3:43  Probe (Chrono Boost)  
  39  3:52  Probe (Chrono Boost)  
  39  3:53  Probe (Chrono Boost)  
  39  3:55  Assimilator, Robotics Facility  
  41  3:59  Probe (Chrono Boost)  
  41  4:00  Probe (Chrono Boost)  
  41  4:02  Assimilator  
  43  4:07  Probe (Chrono Boost)  
  43  4:08  Probe (Chrono Boost)  
  45  4:21  Probe (Chrono Boost)  
  45  4:24  Probe (Chrono Boost), Phoenix  
  47  4:27  Probe (Chrono Boost)  
  47  4:30  Probe, Pylon  
  51  4:36  Probe  
  52  4:42  Probe  
  53  4:47  Robotics Bay  
  53  4:48  Probe  
  53  4:50  Observer  
  55  4:54  Probe  
  56  5:00  Probe  
  56  5:06  Probe  
  58  5:10  Shield Battery  
  58  5:11  Zealot  
  58  5:12  Probe, Shield Battery  
  61  5:15  Pylon  
  61  5:17  Observer (Chrono Boost)  
  61  5:20  Pylon  
Show
View Real Time Build Order
Export as new Build Order

uwuThermal Terran - Winner!

Build Orders:  

Get SALT Encoding   

  12  0:00  SCV  
  13  0:12  SCV  
  14  0:17  Supply Depot  
  14  0:24  SCV  
  15  0:38  SCV  
  15  0:40  Barracks  
  16  0:44  Refinery  
  16  0:50  SCV  
  17  1:02  Engineering Bay  
  17  1:03  SCV  
  18  1:15  SCV  
  19  1:27  Orbital Command, Marine  
  20  1:33  Supply Depot  
  20  1:50  Barracks Reactor  
  20  1:54  SCV  
  21  2:06  SCV  
  22  2:09  Command Center  
  22  2:18  SCV  
  22  2:19  Barracks  
  23  2:26  Marine x2  
  25  2:30  SCV, Barracks  
  26  2:39  Supply Depot  
  26  2:42  SCV  
  27  2:44  Marine x2  
  29  2:55  SCV  
  30  3:02  Marine x2  
  32  3:06  Barracks Tech Lab  
  32  3:07  SCV  
  32  3:16  Bunker  
  32  3:18  Barracks Tech Lab  
  32  3:19  SCV  
  33  3:20  Marine x2  
  33  3:25  Marine  
  33  3:26  Stimpack  
  36  3:31  SCV  
  37  3:37  Marine, Combat Shield  
  37  3:38  Orbital Command  
  37  3:39  Marine  
  39  3:42  Marine  
  39  3:45  Marine  
  41  3:50  Engineering Bay  
  41  3:51  SCV  
  42  3:56  Marauder  
  42  3:59  Marine  
  42  4:00  Marine  
  46  4:03  Marine  
  46  4:06  Supply Depot  
  46  4:07  SCV  
  46  4:09  SCV  
  49  4:15  Missile Turret  
  49  4:16  Marine  
  50  4:21  Marine  
  50  4:24  Marauder  
  53  4:28  Supply Depot  
  53  4:30  SCV  
  54  4:34  Marine x2  
  55  4:40  SCV  
  55  4:41  Missile Turret  
  55  4:43  Marine  
  56  4:48  SCV  
  56  4:52  SCV, Marine  
  59  4:55  Marine x2  
  61  5:00  SCV, Missile Turret  
  61  5:06  Marine  
  63  5:09  Marine  
  63  5:13  Supply Depot  
  65  5:14  SCV  
  65  5:15  Marine  
  65  5:17  Marine  
  65  5:19  SCV  
  68  5:26  SCV  
Tags
 
Add a new tag
Caveats
  • Supply blocks, unpowered buildings, or Contaminate may cause inaccurate times.
  • Supply counts are checked every 10 seconds.